 Dungeon Crawl Stone Soup version 0.25-a0-1133-g93ebf739aa (webtiles) character file.

Game seed: 8280172747351097928, levelgen mode: deterministic

79 Flugslaktarn the Shield-Bearer (level 4, -6/42 HPs)
             Began as a Deep Dwarf Fighter on May 20, 2020.
             Mangled by an ogre
             ... wielding a +0 giant spiked club
              (22 damage)
             ... on level 4 of the Dungeon.
             The game lasted 00:00:28 (587 turns).

Flugslaktarn the Shield-Bearer (Deep Dwarf Fighter)  Turns: 587, Time: 00:00:28

Health: -6/42      AC:  7    Str: 21    XL:     4   Next: 17%
Magic:  4/4        EV:  7    Int:  8    God:
Gold:   36         SH:  9    Dex: 12    Spells: 3/3 levels left

rFire    . . .     SeeInvis .   a - +0 war axe
rCold    . . .     Gourm    .   c - +0 kite shield
rNeg     . . .     Faith    .   b - +0 scale mail
rPois    +         Spirit   .   (no helmet)
rElec    .         Reflect  .   (no cloak)
rCorr    .         Harm     .   (no gloves)
MR       .....                  (no boots)
Stlth    ..........             (no amulet)
HPRegen  0.00/turn              o - ring of poison resistance
MPRegen  0.09/turn              (no ring)

@: non-regenerating
A: damage resistance, heal wounds, sense surroundings 1, no regeneration
a: Heal Wounds


You were on level 4 of the Dungeon.
You were not hungry.

You visited 1 branch of the dungeon, and saw 4 of its levels.

You collected 36 gold pieces.

Inventory:

Hand Weapons
 a - a +0 war axe (weapon)
Armour
 b - a +0 scale mail (worn)
 c - a +0 kite shield (worn)
Jewellery
 o - a ring of poison resistance (left hand)
   (You found it on level 3 of the Dungeon)
Scrolls
 f - a scroll of fog {unknown}
 g - a scroll of blinking {unknown}
 i - a scroll of teleportation {unknown}
 j - 4 scrolls of identify {unknown}
 k - 2 scrolls of remove curse {unknown}
 l - a scroll of amnesia {unknown}
Potions
 d - a potion of might
Comestibles
 e - 3 rations
 h - 2 chunks of flesh


   Skills:
 + Level 3.1 Fighting
 * Level 3.5 Axes
 + Level 3.8 Armour
 + Level 3.8 Shields


You had 3 spell levels left.
You didn't know any spells.
Your spell library was empty.

Dungeon Overview and Level Annotations

Branches:
Dungeon (4/15)
 Temple: D:4-7

Altars:


Innate Abilities, Weirdness & Mutations

You are resistant to damage.
You can heal yourself by infusing magical energy.
You passively map a small area around you.
You do not regenerate.


Message History

The ogre is moderately wounded.
You block the ogre's attack.
Some of the chunks of flesh in your inventory have rotted away.
Your shield and scale mail prevent you from hitting the ogre.
The ogre is moderately wounded.
The ogre hits you with a +0 giant spiked club!
You hit the ogre.
The ogre is heavily wounded.
The ogre closely misses you.
You hit the ogre.
The ogre is heavily wounded.
You block the ogre's attack.
You hit the ogre.
The ogre is severely wounded.
The ogre hits you with a +0 giant spiked club!
You hit the ogre.
The ogre is severely wounded.
The ogre hits you with a +0 giant spiked club!!
Ouch! That really hurt!
You die...

....#.#.....# *, ,
............# *.#
.##)#.#.....# .# *
...#........# .# #
.##.#.#####.# *.# .#
.##.#.#####.#####.##..#
.##>..................#
.####................#
..............#.@$..##
##..##.###...#...O...#
.#.....# #............#
....##.# #............#
.....#,....$..........#
.##.....##...#.......##
..#.... #...?......##
....### .$.##......#
...... , *


You could see an ogre.

Vanquished Creatures
  Jessica (D:2)
  3 adders
  A worm (D:2)
  A leopard gecko (D:2)
  2 orcs
  3 giant cockroaches
  3 goblins
  A hobgoblin (D:2)
  3 kobolds
  2 bats
  A rat (D:2)
21 creatures vanquished.

Notes
Turn   | Place    | Note
-------+----------+-------------------------------------------
     0 | D:1      | Flugslaktarn the Deep Dwarf Fighter began the quest for the
                  | Orb.
     0 | D:1      | Reached XP level 1. HP: 20/20 MP: 1/1
   163 | D:2      | Reached XP level 2. HP: 25/27 MP: 2/2
   210 | D:2      | Found a faded altar of an unknown god.
   328 | D:2      | Noticed Jessica
   337 | D:2      | Killed Jessica
   337 | D:2      | Reached XP level 3. HP: 17/34 MP: 3/3
   434 | D:3      | Reached XP level 4. HP: 42/42 MP: 4/4
   575 | D:4      | Noticed an ogre
   587 | D:4      | Mangled by an ogre

Illustrated notes

Levels and vault maps discovered:
D:1:      ncdulo_lavacross, layout_rooms, minmay_cupped
D:2:      layout_rooms, chequers_ecumenical_altar_island, uniq_jessica
D:3:      layout_basic, marbit_many_paths, first_ration, amethyst_killhole,
          kennysheep_potato, uniq_natasha
D:4:      layout_loops_ring, hangedman_decor_points, tgw_sif

Skill      XL: |  1  2 |
---------------+-------+-----
Fighting       | 3 |  3.1
Axes           | 3 |  3.5
Armour         | |  3.8
Shields        | |  3.8

Action                   |  1- 3 |  4- 6 || total
-------------------------+-------+-------++-------
Melee: War axe           |    72 |    17 ||    89
 Abil: Heal Wounds       |     1 |       ||     1
Armor: Scale mail        |    33 |       ||    33
Dodge: Dodged            |    21 |     4 ||    25
Block: Kite shield       |    40 |     8 ||    48

Table legend:
 A = Non-vault XP
 B = Vault XP
 C = Vault XP percentage of total XP
 D = Non-vault monster count
 E = Vault monster count
 F = Vault count percentage of total count
                 A         B        C        D         E       F
            +---------+---------+-------+---------+---------+-------
      Total |      77 |      37 |  32.5 |      20 |       1 |   4.8
            +---------+---------+-------+---------+---------+-------
        D:1 |       4 |       0 |   0.0 |       2 |       0 |   0.0
        D:2 |      37 |      37 |  50.0 |      12 |       1 |   7.7
        D:3 |      33 |       0 |   0.0 |       5 |       0 |   0.0
        D:4 |       3 |       0 |   0.0 |       1 |       0 |   0.0
            +---------+---------+-------+---------+---------+-------
